SA
PHOENIX HOTSPUR U-21 @ GALESBURG GUZZLERS
08/22/2024
 
TOP OF THE 1ST
Phoenix Hotspur U-21 batting - Pitching for Galesburg Guzzlers : RHP Victor de Meij
Pitching: RHP Victor de Meij
Batting: LHB Roberto Fierro 0-0: SINGLE (Line Drive, 89S)
Batting: RHB Carl Tucker 0-0: Ball
1-0: Ball
2-0: Grounds into double play, 4-6-3 (Groundball, 4)
Batting: RHB Solomon Norment 0-0: Ball
1-0: Foul Ball, location: 2F
1-1: Foul Ball, location: 2F
1-2: Ball
2-2: Ground out 5-3 (Groundball, 5)
Top of the 1st over - 0 run(s), 1 hit(s), 0 error(s), 0 left on base; Phoenix 0 - Galesburg 0
BOTTOM OF THE 1ST
Galesburg Guzzlers batting - Pitching for Phoenix Hotspur U-21 : LHP Alejandro Guerra
Pitching: LHP Alejandro Guerra
Batting: RHB Roland Deschain 0-0: Swinging Strike
0-1: Ball
1-1: SINGLE (Groundball, 56D)
Batting: LHB Gabriel Díaz 0-0: Ball
1-0: SINGLE (Line Drive, 34)
Roland Deschain to second
Batting: RHB Grady Walkinshaw 0-0: Called Strike
0-1: Called Strike
0-2: Ball
1-2: Foul Ball, location: 2F
1-2: Foul Ball, location: 2F
1-2: Fly out, F8 (Flyball, 8LM)
Runner from 2nd tags up, SAFE at 3rd with throw
Batting: RHB Fernando Rivera 0-0: Called Strike
0-1: Ball
1-1: Ball
2-1: Fly out, F7 (Flyball, 78M)
Runner from 3rd tags up, SCORES, no throw
Batting: RHB Bubba Blevins 0-0: Ball
1-0: Ball
2-0: Ball
3-0: Called Strike
3-1: Foul Ball, location: 2F
3-2: Base on Balls
Gabriel Díaz to second
Batting: LHB John Ennis 0-0: Called Strike
0-1: Swinging Strike
0-2: Strikes out swinging
Bottom of the 1st over - 1 run(s), 2 hit(s), 0 error(s), 2 left on base; Phoenix 0 - Galesburg 1
TOP OF THE 2ND
Phoenix Hotspur U-21 batting - Pitching for Galesburg Guzzlers : RHP Victor de Meij
Batting: RHB Manuel Guillama 0-0: Swinging Strike
0-1: Ball
1-1: DOUBLE (Groundball, 5L)
Batting: RHB Eric Conway 0-0: Ball
1-0: Called Strike
1-1: Foul Ball, location: 2F
1-2: Strikes out looking
Batting: RHB Germán Alfaro 0-0: Ball
1-0: Foul Ball, location: 2F
1-1: Fly out, F9 (Flyball, 9S)
Batting: RHB Pepe Reyes 0-0: Ball
1-0: Fly out, F9 (Flyball, 9D)
Top of the 2nd over - 0 run(s), 1 hit(s), 0 error(s), 1 left on base; Phoenix 0 - Galesburg 1
BOTTOM OF THE 2ND
Galesburg Guzzlers batting - Pitching for Phoenix Hotspur U-21 : LHP Alejandro Guerra
Batting: RHB Gabrio Campoverde 0-0: Ball
1-0: Called Strike
1-1: Swinging Strike
1-2: Foul Ball, location: 2F
1-2: Strikes out looking
Batting: RHB Carlos Cardona 0-0: Ball
1-0: Called Strike
1-1: Foul Ball, location: 2F
1-2: Ball
2-2: Strikes out looking
Batting: RHB Pierre Bernard 0-0: Ball
1-0: Ball
2-0: Bunt missed!
2-1: Foul Ball, location: 2F
2-2: Strikes out swinging
Bottom of the 2nd over - 0 run(s), 0 hit(s), 0 error(s), 0 left on base; Phoenix 0 - Galesburg 1
TOP OF THE 3RD
Phoenix Hotspur U-21 batting - Pitching for Galesburg Guzzlers : RHP Victor de Meij
Batting: RHB Rubén Andrada 0-0: Foul Ball, location: 2F
0-1: Swinging Strike
0-2: Strikes out swinging
Batting: RHB Juan Rivera 0-0: Called Strike
0-1: Ball
1-1: Ball
2-1: Foul Ball, location: 2F
2-2: Ball
3-2: Base on Balls
Batting: LHB Roberto Fierro 0-0: Fly out, F4 (Line Drive, 4)
0-0: Lined into DP, 4-3 (Line Drive, 4)
Top of the 3rd over - 0 run(s), 0 hit(s), 0 error(s), 0 left on base; Phoenix 0 - Galesburg 1
BOTTOM OF THE 3RD
Galesburg Guzzlers batting - Pitching for Phoenix Hotspur U-21 : LHP Alejandro Guerra
Batting: RHB Roland Deschain 0-0: Ball
1-0: Called Strike
1-1: Fly out, F8 (Flyball, 8LM)
Batting: LHB Gabriel Díaz 0-0: Fly out, F7 (Flyball, 78M)
Batting: RHB Grady Walkinshaw 0-0: Called Strike
0-1: Foul Ball, location: 2F
0-2: Ball
1-2: Foul Ball, location: 2F
1-2: Foul Ball, location: 2F
1-2: Hit by Pitch
Batting: RHB Fernando Rivera 0-0: Ball
1-0: Foul Ball, location: 2F
1-1: Ground out 6-3 (Groundball, 6)
Bottom of the 3rd over - 0 run(s), 0 hit(s), 0 error(s), 1 left on base; Phoenix 0 - Galesburg 1
TOP OF THE 4TH
Phoenix Hotspur U-21 batting - Pitching for Galesburg Guzzlers : RHP Victor de Meij
Batting: RHB Carl Tucker 0-0: Ball
1-0: Ground out 1-3 (Groundball, 13S)
Batting: RHB Solomon Norment 0-0: Ball
1-0: Ball
2-0: Fly out, F9 (Line Drive, 89M)
Batting: RHB Manuel Guillama 0-0: Called Strike
0-1: Called Strike
0-2: Strikes out looking
Top of the 4th over - 0 run(s), 0 hit(s), 0 error(s), 0 left on base; Phoenix 0 - Galesburg 1
BOTTOM OF THE 4TH
Galesburg Guzzlers batting - Pitching for Phoenix Hotspur U-21 : LHP Alejandro Guerra
Batting: RHB Bubba Blevins 0-0: Ball
1-0: Ball
2-0: Called Strike
2-1: Foul Ball, location: 2F
2-2: Ball
3-2: Foul Ball, location: 2F
3-2: SINGLE (Line Drive, 7S)
Batting: LHB John Ennis 0-0: Ground out 2-3 (Groundball, 25)
Bubba Blevins to second
Batting: RHB Gabrio Campoverde 0-0: Ball
1-0: 2-RUN HOME RUN (Flyball, 8LXD), Distance : 427 ft
Batting: RHB Carlos Cardona 0-0: Ball
1-0: Foul Ball, location: 2F
1-1: Ball
2-1: SINGLE (Groundball, 34D)
Batting: RHB Pierre Bernard 0-0: Swinging Strike
0-1: Foul Ball, location: 2F
0-2: Ball
1-2: Ball
2-2: Fly out, F4 (Popup, 4)
Batting: RHB Roland Deschain 0-0: Ball
1-0: Foul Ball, location: 2F
1-1: Foul Ball, location: 2F
1-2: Fielders Choice at 2nd, 5-4 (Groundball, 56)
Bottom of the 4th over - 2 run(s), 3 hit(s), 0 error(s), 0 left on base; Phoenix 0 - Galesburg 3
TOP OF THE 5TH
Phoenix Hotspur U-21 batting - Pitching for Galesburg Guzzlers : RHP Victor de Meij
Batting: RHB Eric Conway 0-0: Swinging Strike
0-1: Foul Ball, location: 2F
0-2: Ball
1-2: Strikes out swinging
Batting: RHB Germán Alfaro 0-0: Called Strike
0-1: Foul Ball, location: 2F
0-2: Strikes out looking
Batting: RHB Pepe Reyes 0-0: Fly out, F8 (Flyball, 8LM)
Top of the 5th over - 0 run(s), 0 hit(s), 0 error(s), 0 left on base; Phoenix 0 - Galesburg 3
BOTTOM OF THE 5TH
Galesburg Guzzlers batting - Pitching for Phoenix Hotspur U-21 : LHP Alejandro Guerra
Batting: LHB Gabriel Díaz 0-0: Called Strike
0-1: Called Strike
0-2: Ball
1-2: Foul Ball, location: 2F
1-2: Ball
2-2: Foul Ball, location: 2F
2-2: Ball
3-2: Ground out 4-3 (Groundball, 34)
Batting: RHB Grady Walkinshaw 0-0: Ball
1-0: Called Strike
1-1: Ball
2-1: Ball
3-1: Base on Balls
Batting: RHB Fernando Rivera 0-0: Ball
1-0: Called Strike
1-1: Foul Ball, location: 2F
1-2: Foul Ball, location: 2F
1-2: Foul Ball, location: 2F
1-2: Ball
2-2: Foul Ball, location: 2F
2-2: Foul Ball, location: 2F
2-2: Foul Ball, location: 2F
2-2: Ball
3-2: Grounds into double play, 6-4-3 (Groundball, 6)
Bottom of the 5th over - 0 run(s), 0 hit(s), 0 error(s), 0 left on base; Phoenix 0 - Galesburg 3
TOP OF THE 6TH
Phoenix Hotspur U-21 batting - Pitching for Galesburg Guzzlers : RHP Victor de Meij
Batting: RHB Rubén Andrada 0-0: Ball
1-0: Fly out, F8 (Flyball, 8LM)
Batting: RHB Juan Rivera 0-0: Ball
1-0: Foul Ball, location: 2F
1-1: Called Strike
1-2: Strikes out swinging
Batting: LHB Roberto Fierro 0-0: Foul Ball, location: 2F
0-1: Swinging Strike
0-2: Strikes out looking
Top of the 6th over - 0 run(s), 0 hit(s), 0 error(s), 0 left on base; Phoenix 0 - Galesburg 3
BOTTOM OF THE 6TH
Galesburg Guzzlers batting - Pitching for Phoenix Hotspur U-21 : LHP Alejandro Guerra
Batting: RHB Bubba Blevins 0-0: Called Strike
0-1: Ball
1-1: Ground out 2-3 (Groundball, 2R)
Batting: LHB John Ennis 0-0: Called Strike
0-1: Ball
1-1: Ball
2-1: Ball
3-1: Base on Balls
Pitching: RHP Dennis Dunn
Batting: RHB Gabrio Campoverde 0-0: Ground out 5-3 (Groundball, 5S)
John Ennis to second
Batting: RHB Carlos Cardona 0-0: Called Strike
0-1: Ball
1-1: Swinging Strike
1-2: Foul Ball, location: 2F
1-2: Strikes out swinging
Bottom of the 6th over - 0 run(s), 0 hit(s), 0 error(s), 1 left on base; Phoenix 0 - Galesburg 3
TOP OF THE 7TH
Phoenix Hotspur U-21 batting - Pitching for Galesburg Guzzlers : RHP Victor de Meij
Batting: RHB Carl Tucker 0-0: Called Strike
0-1: Foul Ball, location: 2F
0-2: Strikes out looking
Batting: RHB Solomon Norment 0-0: Called Strike
0-1: Swinging Strike
0-2: Ball
1-2: Foul Ball, location: 2F
1-2: Strikes out swinging
Batting: RHB Manuel Guillama 0-0: Swinging Strike
0-1: Ball
1-1: Swinging Strike
1-2: Strikes out swinging
Top of the 7th over - 0 run(s), 0 hit(s), 0 error(s), 0 left on base; Phoenix 0 - Galesburg 3
BOTTOM OF THE 7TH
Galesburg Guzzlers batting - Pitching for Phoenix Hotspur U-21 : RHP Dennis Dunn
Batting: RHB Pierre Bernard 0-0: Ball
1-0: Ball
2-0: Called Strike
2-1: Ball
3-1: Bunt for hit - play at first, batter OUT! 3-4
Batting: RHB Roland Deschain 0-0: Ball
1-0: Ball
2-0: Ball
3-0: Base on Balls
Batting: LHB Gabriel Díaz 0-0: Swinging Strike
0-1: Ball
1-1: Ball
2-1: Ball
3-1: Foul Ball, location: 2F
3-2: Base on Balls
Roland Deschain to second
Batting: RHB Grady Walkinshaw 0-0: Fly out, F3 (Popup, 3F)
Batting: RHB Fernando Rivera 0-0: Ball
Wild Pitch!
Roland Deschain to third
Gabriel Díaz to second
1-0: Ball
2-0: Called Strike
2-1: Reached on error, E6 (Groundball, 6)
Roland Deschain scores
Gabriel Díaz to third
Batting: RHB Bubba Blevins 0-0: Called Strike
0-1: Ball
1-1: Foul Ball, location: 2F
1-2: Ball
2-2: Ground out 1-3 (Groundball, 13)
Bottom of the 7th over - 1 run(s), 0 hit(s), 1 error(s), 2 left on base; Phoenix 0 - Galesburg 4
TOP OF THE 8TH
Phoenix Hotspur U-21 batting - Pitching for Galesburg Guzzlers : RHP Victor de Meij
Batting: RHB Eric Conway 0-0: Ball
1-0: Swinging Strike
1-1: Fly out, F7 (Line Drive, 78M)
Batting: RHB Germán Alfaro 0-0: Called Strike
0-1: Swinging Strike
0-2: Ball
1-2: Ball
2-2: Ball
3-2: Base on Balls
Batting: RHB Pepe Reyes 0-0: Called Strike
0-1: Called Strike
0-2: Foul Ball, location: 2F
0-2: Strikes out swinging
Batting: RHB Rubén Andrada 0-0: Ball
1-0: Called Strike
1-1: Swinging Strike
1-2: Ball
2-2: Ball
3-2: Strikes out looking
Top of the 8th over - 0 run(s), 0 hit(s), 0 error(s), 1 left on base; Phoenix 0 - Galesburg 4
BOTTOM OF THE 8TH
Galesburg Guzzlers batting - Pitching for Phoenix Hotspur U-21 : RHP Dennis Dunn
Batting: LHB John Ennis 0-0: Ball
1-0: Ball
2-0: Hit by Pitch
Batting: RHB Gabrio Campoverde 0-0: Sac Bunt - play at first, batter OUT! 3-4
John Ennis to second
Batting: RHB Carlos Cardona 0-0: Intentional Walk
Pitching: LHP José Santiago
Batting: RHB Pierre Bernard 0-0: Fly out, F8 (Flyball, 8LM)
Batting: RHB Roland Deschain 0-0: Swinging Strike
0-1: Foul Ball, location: 2F
0-2: Ball
1-2: Ball
2-2: Foul Ball, location: 2F
2-2: Ball
3-2: Strikes out swinging
Bottom of the 8th over - 0 run(s), 0 hit(s), 0 error(s), 2 left on base; Phoenix 0 - Galesburg 4
TOP OF THE 9TH
Phoenix Hotspur U-21 batting - Pitching for Galesburg Guzzlers : RHP Victor de Meij
Batting: RHB Juan Rivera 0-0: Ball
1-0: Foul Ball, location: 2F
1-1: Fly out, F7 (Popup, 6MD)
Batting: LHB Roberto Fierro 0-0: Called Strike
0-1: Foul Ball, location: 2F
0-2: Strikes out swinging
Batting: RHB Carl Tucker 0-0: Called Strike
0-1: Ball
1-1: Called Strike
1-2: Ball
2-2: Ball
3-2: Strikes out looking
Top of the 9th over - 0 run(s), 0 hit(s), 0 error(s), 0 left on base; Phoenix 0 - Galesburg 4
This league is powered by Out of the Park Baseball, the baseball management simulation game for PC, Mac and Linux
Monday, October 3rd, 2016 - OOTP Baseball 16.9 Build 39